 Dungeon Crawl Stone Soup version 0.19.0-2-gae57169 (webtiles) character file.

233 striepan the Slasher (level 5, -1/48 HPs)
             Began as a Minotaur Gladiator on Nov 4, 2016.
             Was an Initiate of Okawaru.
             Slain by a jackal (3 damage)
             ... on level 4 of the Dungeon.
             The game lasted 00:11:45 (2093 turns).

striepan the Slasher (Minotaur Gladiator)           Turns: 2093, Time: 00:11:46

Health: -1/48      AC:  3    Str: 18 (19) XL:     5   Next: 75%
Magic:  4/4        EV: 12    Int:  4 (5)  God:    Okawaru [......]
Gold:   113        SH:  0    Dex:  9 (12) Spells: 0 memorised, 4 levels left

rFire  . . .     SeeInvis .     a - +0 long sword
rCold  . . .     Gourm    .     b - +0 leather armour
rNeg   . . .     Faith    .     (no shield)
rPois  .         Spirit   .     c - +0 hat
rElec  .         Reflect  .     (no cloak)
rCorr  .         Harm     .     (no gloves)
MR     .....                    (no boots)
Stlth  +.........               (no amulet)
                                (no ring)
                                (no ring)

@: very slightly contaminated, invisible
A: retaliatory headbutt, horns 2
a: Renounce Religion


You were on level 4 of the Dungeon.
You worshipped Okawaru.
Okawaru was noncommittal.
You were not hungry.

You visited 1 branch of the dungeon, and saw 4 of its levels.

You collected 113 gold pieces.

Inventory:

Hand Weapons
 a - a +0 long sword (weapon)
Missiles
 d - 2 throwing nets
 g - 26 stones (quivered)
Armour
 b - a +0 leather armour (worn)
 c - a +0 hat (worn)
Jewellery
 n - an uncursed ring of ice
Scrolls
 j - a scroll of magic mapping {unknown}
 m - a scroll of identify {unknown}
 o - 2 scrolls of remove curse {unknown}
 p - a scroll of amnesia {unknown}
 r - 2 scrolls of fear {unknown}
 v - 4 scrolls of immolation {unknown}
 x - a scroll of enchant weapon {unknown}
 y - a scroll of noise {unknown}
Potions
 e - a potion of cure mutation {unknown}
 h - a potion of cancellation {unknown}
 i - a potion of flight {unknown}
 k - a potion of magic
 q - a potion of ambrosia {unknown}
 s - a potion of resistance {unknown}
 t - a potion of invisibility
 w - a potion of degeneration
Comestibles
 f - a bread ration
 l - 3 meat rations
 u - 5 fruits
 z - a chunk of flesh


   Skills:
 + Level 5.4 Fighting
 - Level 6.1 Long Blades
 - Level 2.0 Throwing
 - Level 3.2 Dodging


You had 4 spell levels left.
You didn't know any spells.

Dungeon Overview and Level Annotations

Branches:
Dungeon (4/15)
 Temple: D:4-7

Altars:
Okawaru

Portals:
Sewer: D:4

Annotations:
D:3 TBriggs11TB's ghost, amateur HOMo


Innate Abilities, Weirdness & Mutations

You reflexively headbutt those who attack you in melee.
You have a pair of horns on your head.


Message History

You hit the sky beast.
You kill the sky beast!
Okawaru is honoured by your kill.
Your Fighting skill gained 2 levels and is now at level 5!
It was a potion of magic.
Magic courses through your body.
The jackal bites you but does no damage.
It was a potion of invisibility.
You fade into invisibility!
The jackal misses you. The jackal barely misses you. You furiously retaliate!
You headbutt the jackal.
You are very lightly contaminated with residual magic.
It was a potion of degeneration.
There was something very wrong with that liquid.
You feel weakened.
You feel dopey.
You feel clumsy.
The jackal splashes around in the water.
You barely miss the jackal.
You headbutt the jackal, but do no damage.
The jackal is heavily wounded.
The jackal completely misses you. The jackal bites you.
You die...

.... . ...+.
..≈## #####
#+.≈$###(..##
#.≈.≈##...≈≈#
#≈≈#≈.≈#≈.#
#h≈#≈.≈#≈≈#
#h≈#≈∩≈#≈≈#
#@≈#≈.≈#≈.#
#≈≈#≈≈≈#≈≈# #
#≈≈#≈.≈#≈.# .#
#≈...≈##≈≈###..#
##≈..###.≈≈....#
########≈.....#
#.<..##..#
#....# ..#
#........#


You could see 2 jackals.

Vanquished Creatures
  A sky beast (D:4)
  A worker ant (D:3)
  5 adders
  2 dart slugs (D:1)
  4 leopard geckos (D:4)
  3 bats
  3 giant cockroaches (D:4)
  5 goblins
  8 hobgoblins
  11 jackals
  8 kobolds
  A ball python (D:3)
  3 frilled lizards
  6 rats
61 creatures vanquished.

Notes
Turn   | Place    | Note
-------+----------+-------------------------------------------
     0 | D:1      | striepan the Minotaur Gladiator began the quest for the Orb.
     0 | D:1      | Reached XP level 1. HP: 18/18 MP: 0/0
    58 | D:1      | Reached skill level 4 in Long Blades
    81 | D:1      | Reached XP level 2. HP: 12/25 MP: 1/1
   287 | D:1      | Reached skill level 5 in Long Blades
   771 | D:2      | Reached XP level 3. HP: 30/30 MP: 2/2
  1404 | D:2      | Reached XP level 4. HP: 29/37 MP: 3/3
  1515 | D:2      | Found a faded altar of an unknown god.
  1526 | D:2      | Reached skill level 6 in Long Blades
  1651 | D:3      | Found an iron altar of Okawaru.
  1659 | D:3      | Became a worshipper of Warmaster Okawaru
  1830 | D:3      | Noticed TBriggs11TB's ghost (amateur HOMo)
  2047 | D:4      | Found a glowing drain.
  2057 | D:4      | Reached XP level 5. HP: 46/46 MP: 4/4
  2070 | D:4      | Noticed a sky beast
  2088 | D:4      | HP: 2/46 [sky beast (5)]
  2089 | D:4      | Killed a sky beast
  2089 | D:4      | Reached skill level 5 in Fighting
  2093 | D:4      | Slain by a jackal

Skill      XL: |  1  2  3  4  5 |
---------------+----------------+-----
Long Blades    | 4 5 6 |  6.1
Fighting       | 3 5 |  5.4
Throwing       | |  2.0
Dodging        | |  3.2

Action                   |  1- 3 |  4- 6 || total
-------------------------+-------+-------++-------
Melee: Long sword        |    60 |    50 ||   110
       Headbutt          |    11 |     5 ||    16
Throw: Stone             |    61 |    49 ||   110
       Throwing net      |     1 |       ||     1
  Use: Potion            |       |     3 ||     3
  Eat: Chunk             |     2 |     2 ||     4
Armor: Leather armour    |    14 |    11 ||    25
Dodge: Dodged            |    27 |    31 ||    58
       Rpst.: Long sword |     9 |     7 ||    16
